 Dungeon Crawl Stone Soup version 0.29-a0-393-g47a863c (webtiles) character file.

Game seed: 17573521581335356566

105 Illumine the Bolt Thrower (level 4, -1/40 HPs)
             Began as a Minotaur Hunter on May 10, 2022.
             Killed from afar by an orc wizard (4 damage)
             ... with a puff of flame
             ... on level 2 of the Dungeon.
             The game lasted 00:03:23 (1809 turns).

Illumine the Bolt Thrower (Minotaur Hunter)         Turns: 1809, Time: 00:03:23

Health: -1/40      AC:  3    Str: 18    XL:     4   Next: 53%
Magic:  3/3        EV: 12    Int:  6    God:
Gold:   173        SH:  0    Dex: 13    Spells: 3/3 levels left

rFire   . . .      SeeInvis .   b - +2 dagger (elec)
rCold   . . .      Faith    .   (no shield)
rNeg    . . .      Spirit   .   q - +0 leather armour
rPois   .          Reflect  .   (helmet restricted)
rElec   .          Harm     .   (no cloak)
rCorr   .          Rampage  .   (no gloves)
Will    .....                   (no boots)
Stlth   +.........              (no amulet)
HPRegen 0.13/turn               (no ring)
MPRegen 0.08/turn               (no ring)

@: no status effects
A: horns 2, retaliatory headbutt
a: no special abilities


You were on level 2 of the Dungeon.
You visited 1 branch of the dungeon, and saw 3 of its levels.

You collected 173 gold pieces.

Inventory:

Hand Weapons
 a - a +1 hand crossbow
 b - a +2 dagger of electrocution (weapon)
Armour
 j - a +0 chain mail
 q - a +0 leather armour (worn)
Scrolls
 c - a scroll of immolation
 f - a scroll of silence {unknown}
 g - 4 scrolls of identify {unknown}
 h - 2 scrolls of vulnerability {unknown}
 i - a scroll of fog {unknown}
 l - a scroll of poison {unknown}
Potions
 d - a potion of might {unknown}
 e - a potion of resistance {unknown}
 k - 3 potions of curing {unknown}
 n - a potion of degeneration {unknown}
 o - 2 potions of cancellation {unknown}
 p - a potion of brilliance {unknown}


   Skills:
 + Level 4.0 Fighting
 * Level 5.2 Crossbows
 + Level 1.6 Armour
 - Level 3.0 Dodging
 - Level 0.7 Stealth


You had 3 spell levels left.
You didn't know any spells.
Your spell library contained the following spells:

 Spells                   Type           Power      Damage    Failure   Level
 Blink                    Tloc           0%         N/A       65%         2
 Lesser Beckoning         Tloc           0%         N/A       87%         3
 Stone Arrow              Conj/Erth      0%         3d7       87%         3
 Teleport Other           Tloc           0%         N/A       87%         3
 Animate Armour           Summ/Erth      0%         N/A       99%         4
 Summon Forest            Summ/Tloc      0%         N/A       100%        5
 Conjure Ball Lightning   Conj/Air       0%         3x3d6     100%        6
 Discord                  Hex            0%         N/A       100%        8
 Disjunction              Tloc           0%         N/A       100%        8
 Lehudib's Crystal Spear  Conj/Erth      0%         10d2      100%        8


Dungeon Overview and Level Annotations

Branches:
Dungeon (3/15)

Altars:

Annotations:
D:2 1 runed translucent door, Crazy Yiuf


Innate Abilities, Weirdness & Mutations

You have a pair of horns on your head.
You reflexively headbutt those who attack you in melee.


Message History

The orc wizard flickers and vanishes!
Deactivating autopickup; reactivate with Ctrl-A.
Something hits you.
A magic dart appears from out of thin air!
The magic dart hits you!
You hear some strange, mumbled words.
You are confused.
A puff of flame appears from out of thin air!
The puff of flame hits you!
You bump into the rock wall.
Something completely misses you.
You clumsily bash something but do no damage.
Your headbutt misses something.
You feel less confused. Something hits you. Something hits you.
There is a stone staircase leading up here.
Something hits you.
You climb upwards.
Level annotation: 1 runed translucent door, Crazy Yiuf Reactivating autopickup.
There is a stone staircase leading down here.
There is a strange disturbance nearby!
You hear the crackle of electricity.
b - a +2 dagger of electrocution (weapon)
Something hits you.
* * * LOW HITPOINT WARNING * * *
Deactivating autopickup; reactivate with Ctrl-A.
You hit something. Something barely misses you.
You hit something. Your headbutt misses something.
Something hits you but does no damage.
You closely miss something.
You hear some strange, mumbled words.
A puff of flame appears from out of thin air!
The puff of flame hits you!
* * * LOW HITPOINT WARNING * * *
You miss something.
You hear some strange, mumbled words.
A puff of flame appears from out of thin air!
The puff of flame hits you.
You die...

#...........# #......
#.##..)...### ####.##
#.####.#..#########.##
##.####.#..............
####.........##########.##
#.....)###.#.#### #.#
#.#..#####......##### #.#
#...## #{..###.....###.#
##### #@..# #####.....#
#..##### ###.###
#......### ##...#
###........###..#.##
#........#..........
#....#######...###..
#...## #..### ### #...#
#.## #...# #.#


There were no monsters in sight!

Vanquished Creatures
  3 adders
  A worm (D:2)
  3 dart slugs
  7 orcs
  4 bats
  2 endoplasms
  A giant cockroach (D:2)
  7 goblins
  8 hobgoblins
  7 kobolds
  2 quokkas (D:1)
  3 ball pythons
  5 frilled lizards (D:1)
  8 rats
61 creatures vanquished.

Vanquished Creatures (others)
  A fungus (D:1)
1 creature vanquished.

Grand Total: 62 creatures vanquished

Notes
Turn   | Place    | Note
-------+----------+-------------------------------------------
     0 | D:1      | Illumine the Minotaur Hunter began the quest for the Orb.
     0 | D:1      | Reached XP level 1. HP: 18/18 MP: 0/0
   189 | D:1      | Reached XP level 2. HP: 25/25 MP: 1/1
   704 | D:1      | Found a faded altar of an unknown god.
   744 | D:2      | Reached XP level 3. HP: 30/31 MP: 2/2
   792 | D:2      | You fall into a shaft and drop 1 floor!
   849 | D:3      | Got the Disquisition on the Voyage
  1198 | D:3      | Reached skill level 5 in Crossbows
  1215 | D:2      | Reached skill level 1 in Armour
  1297 | D:2      | Reached XP level 4. HP: 40/40 MP: 3/3
  1594 | D:2      | Found a runed translucent door.
  1595 | D:2      | Noticed Crazy Yiuf
  1809 | D:2      | Killed from afar by an orc wizard

Illustrated notes

Levels and vault maps discovered:
D:1:      minmay_arrival_cross, layout_loops_ring,
          shapermc_ecumenical_altar_acropolis
D:2:      layout_rooms, minmay_misc_feat_room, uniq_crazy_yiuf_cottage
D:3:      layout_rooms, kennysheep_small_spiral

Skill      XL: |  1  2  3  4 |
---------------+-------------+-----
Fighting       | 3 4 |  4.0
Dodging        | 3 |  3.0
Crossbows      | 5 |  5.2
Armour         | 1 |  1.6
Stealth        | |  0.7

Action                   |  1- 3 |  4- 6 || total
-------------------------+-------+-------++-------
Melee: Dagger            |       |    13 ||    13
       Hand crossbow     |       |     1 ||     1
       Headbutt          |       |     1 ||     1
 Fire: Hand crossbow     |   116 |    45 ||   161
Armor: Leather armour    |     4 |     4 ||     8
       Chain mail        |    10 |       ||    10
Dodge: Dodged            |    24 |    12 ||    36

Table legend: (Time is in decaauts)
 A = Elapsed time spent in this place.
 B = Non-inter-level travel time spent in this place.
 C = Inter-level travel time spent in this place.
 D = Time resting spent in this place.
 E = Time spent auto-exploring this place.
 F = Levels seen in this place.
 G = Mean time per level.
                   A        B        C        D        E       F      G
               +--------+--------+--------+--------+--------+-----+--------+
         Total |   1867 |   1782 |     85 |     82 |   1255 |   3 |  622.3 |
       Dungeon |   1867 |   1782 |     85 |     82 |   1255 |   3 |  622.3 |
               +--------+--------+--------+--------+--------+-----+--------+

Top non-repeatable levels by time:
     D:1: 756 daAuts
     D:3: 558 daAuts
     D:2: 552 daAuts
